 Dungeon Crawl Stone Soup version 0.31-a0-408-gb642c7f9a3 (webtiles) character file.

Game seed: 16924685482365407851

879 mopl the Chopper (level 8, 0/70 HPs)
             Began as a Hill Orc Fighter on July 29, 2023.
             Was an Initiate of Beogh.
             Slain by an ogre
             ... wielding a +0 giant club
              (14 damage)
             ... on level 6 of the Dungeon.
             The game lasted 00:04:23 (4414 turns).

mopl the Chopper (Hill Orc Fighter)                 Turns: 4414, Time: 00:04:23

Health: 0/70       AC: 11    Str: 21    XL:     8   Next: 5%
Magic:  9/9        EV: 11    Int: 11    God:    Beogh [......]
Gold:   294        SH:  4    Dex: 11    Spells: 7/7 levels left

rFire   + . .        k - +10 falchion "Mainobbul" {heavy, rElec rN+++ Will- Dex-5}
rCold   . . .        c - +0 buckler
rNeg    + + +        L - +4 ring mail of Dim Light {rF+ Int+3}
rPois   +            J - +0 helmet
rElec   +            (no cloak)
rCorr   .            (no gloves)
SInv    .            (no boots)
Will    .....        (no amulet)
Stlth   +            f - +6 ring of dexterity
HPRegen 0.31/turn    D - ring of poison resistance
MPRegen 0.11/turn

%: no passive effects
@: no status effects
A: no striking features
a: Renounce Religion


You were on level 6 of the Dungeon.
You worshipped Beogh.
Beogh was noncommittal.
You visited 1 branch of the dungeon, and saw 6 of its levels.

You collected 294 gold pieces.

Inventory:

Hand Weapons
 a - a +0 war axe
 k - the +10 falchion "Mainobbul" (weapon) {heavy, rElec rN+++ Will- Dex-5}
   (You found it on level 5 of the Dungeon)

   Dex:       It affects your dexterity (-5).
   rElec:     It insulates you from electricity.
   rN:        It renders you almost immune to negative energy.
   Will:      It decreases your willpower.
Missiles
 s - 6 poisoned darts (quivered)
Armour
 c - a +0 buckler (worn)
 w - the +1 leather armour of Viext {rF+}
   (You found it on level 4 of the Dungeon)

   rF:        It protects you from fire.
 J - a +0 helmet (worn)
 L - the +4 ring mail of Dim Light (worn) {rF+ Int+3}
   (You found it on level 6 of the Dungeon)

   Int:       It affects your intelligence (+3).
   rF:        It protects you from fire.
Jewellery
 f - a +6 ring of dexterity (left hand)
 D - a ring of poison resistance (right hand)
 G - a ring of wizardry
 K - a ring of positive energy
Talismans
 C - a talisman of death
Scrolls
 g - a scroll of teleportation {unknown}
 h - 3 scrolls of immolation {unknown}
 i - 2 scrolls of brand weapon {unknown}
 l - 2 scrolls of enchant weapon {unknown}
 n - a scroll of butterflies {unknown}
 p - a scroll of poison {unknown}
 q - 2 scrolls of identify {unknown}
 v - a scroll of vulnerability {unknown}
 x - a scroll of amnesia {unknown}
 y - a scroll of silence {unknown}
 E - a scroll of fog {unknown}
 F - 3 scrolls of blinking {unknown}
 H - a scroll of enchant armour {unknown}
 I - 3 scrolls of torment {unknown}
Potions
 d - a potion of might
 e - a potion of haste {unknown}
 j - 3 potions of enlightenment {unknown}
 m - a potion of attraction {unknown}
 o - 2 potions of mutation {unknown}
 r - a potion of heal wounds {unknown}
 t - 3 potions of brilliance {unknown}
 u - a potion of ambrosia {unknown}
 z - 3 potions of curing {unknown}
 A - 2 potions of resistance {unknown}
 B - 2 potions of degeneration {unknown}


   Skills:
 + Level 5.8 Fighting
 * Level 7.5 Axes
 + Level 1.2 Throwing
 + Level 5.2 Armour
 + Level 2.8 Dodging
 - Level 3.2 Shields
 + Level 1.9 Invocations


You had 7 spell levels left.
You didn't know any spells.
Your spell library was empty.

Dungeon Overview and Level Annotations

Branches:
Dungeon (6/15)
 Temple: D:4-7

Altars:
Ashenzari
Cheibriados
Fedhas
Hepliaklqana
Qazlal
Ru
Sif Muna
Trog
Xom


Message History

The bullfrog is severely wounded.
The bullfrog closely misses you.
The bullfrog hits you but does no damage.
You slash the bullfrog!
You kill the bullfrog!
Beogh accepts your kill.
You have reached level 8!
You closely miss the ogre.
The ogre hits you with a +0 giant club!!
You barely miss the ogre.
The ogre hits you with a +0 giant club!!
* * * LOW HITPOINT WARNING * * *
You are too injured to fight recklessly!
The ogre attacks as you move away! The ogre hits you with a +0 giant club!
* * * LOW HITPOINT WARNING * * *
There is a stone staircase leading down here.
There is a stone staircase leading up here.
You climb upwards.
There is a stone staircase leading down here.
You start resting.
HP restored.
You feel clumsy.
k - the +10 falchion "Mainobbul" (weapon)
{heavy, rElec rN+++ Will- Dex-5} You climb downwards.
The ogre hits you with a +0 giant club!
There is a stone staircase leading up, spattered with blood here.
You closely miss the ogre. The ogre hits you but does no damage.
The ogre hits you with a +0 giant club!
You slash the ogre!
The ogre is moderately wounded.
The ogre hits you with a +0 giant club!
You are too injured to fight recklessly!
You barely miss the ogre.
The ogre is moderately wounded.
The ogre hits you with a +0 giant club.
You slash the ogre!
The ogre is severely wounded.
The ogre hits you with a +0 giant club!
* * * LOW HITPOINT WARNING * * *
The ogre hits you with a +0 giant club!
You die...

...#.# #..#####.# ...#.#
#......#.# ...#.# ###.###.#.#####
...#.# #.†..##.#.....# ...#.#
#.#.....#####.# ...#.# #.#.#####
#.# ####.###### . #.#### #.#
####.#....# ########....## #.#
..........# #...@O.......# #.#
....##....###.#########..#####.##
......>.....#.## #[........#
....##.........# #..########
##+#...........# ##.#
##.#.#.........# #.#
##.#.#..#.#.#.## #.#
#.#.#....#.#.# #.# #.#.######.#.#
#.#


You could see an ogre.

Vanquished Creatures
  A water moccasin (D:6)
  An ice beast (D:5)
  A black bear (D:6)
  A bullfrog (D:6)
  A scorpion (D:4)
  4 hounds
  A sleepcap (D:5)
  2 orc priests (D:6)
  An iguana (D:3)
  Terence (D:3)
  An orc wizard (D:3)
  7 adders
  A white imp (D:5)
  2 ufetubi
  4 worms
  4 dart slugs
  14 orcs
  5 bats
  9 endoplasms
  4 goblins
  7 hobgoblins
  5 quokkas
  6 ball pythons
  4 frilled lizards
  6 kobolds
  6 rats
99 creatures vanquished.

Vanquished Creatures (others)
  An adder (D:5)
1 creature vanquished.

Grand Total: 100 creatures vanquished

Notes
Turn   | Place    | Note
-------+----------+-------------------------------------------
     0 | D:1      | mopl the Hill Orc Fighter began the quest for the Orb.
     0 | D:1      | Reached XP level 1. HP: 19/19 MP: 1/1
    71 | D:1      | Reached skill level 3 in Axes
   102 | D:1      | Reached XP level 2. HP: 27/27 MP: 2/2
   671 | D:2      | Reached XP level 3. HP: 29/33 MP: 3/3
   807 | D:2      | Reached skill level 4 in Fighting
   908 | D:2      | Reached skill level 1 in Dodging
  1484 | D:3      | Found a blossoming altar of Fedhas.
  1491 | D:3      | Reached skill level 4 in Axes
  1498 | D:3      | Reached XP level 4. HP: 34/40 MP: 4/4
  1613 | D:3      | Found a hazy altar of Hepliaklqana.
  1624 | D:3      | Found a faded altar of an unknown god.
  1682 | D:3      | Reached skill level 4 in Armour
  1692 | D:3      | Reached XP level 5. HP: 10/47 MP: 5/5
  1940 | D:3      | Reached skill level 5 in Axes
  2113 | D:3      | Noticed Terence
  2120 | D:3      | Killed Terence
  2212 | D:4      | Identified the +1 leather armour of Viext {rF+}
  2235 | D:4      | Reached skill level 2 in Dodging
  2235 | D:4      | Reached XP level 6. HP: 38/55 MP: 6/6
  2570 | D:4      | Found a stormy altar of Qazlal.
  2577 | D:4      | Found a shimmering blue altar of Sif Muna.
  2578 | D:4      | Found a bloodstained altar of Trog.
  2580 | D:4      | Found a snail-covered altar of Cheibriados.
  2580 | D:4      | Found a sacrificial altar of Ru.
  2581 | D:4      | Found a broken altar of Ashenzari.
  2586 | D:4      | Found a shimmering altar of Xom.
  2888 | D:4      | Reached skill level 5 in Fighting
  2901 | D:4      | Reached skill level 6 in Axes
  3042 | D:5      | Entered Level 5 of the Dungeon
  3060 | D:5      | Identified the +10 falchion "Mainobbul" {heavy, rElec rN+++
                  | Will- Dex-5}
  3257 | D:5      | Became a worshipper of Beogh the Brigand
  3311 | D:5      | Noticed an ice beast
  3321 | D:5      | Killed an ice beast
  3322 | D:5      | Reached XP level 7. HP: 27/61 MP: 7/7
  3874 | D:6      | Reached skill level 7 in Axes
  3874 | D:6      | Reached skill level 5 in Armour
  3874 | D:6      | Reached skill level 1 in Invocations
  4075 | D:6      | Identified the +4 ring mail of Dim Light {rF+ Int+3}
  4110 | D:6      | Reached skill level 1 in Throwing
  4183 | D:6      | Reached XP level 8. HP: 64/70 MP: 9/9
  4186 | D:6      | HP: 1/70 [ogre/+0 giant club (11)]
  4414 | D:6      | Slain by an ogre

Illustrated notes

Levels and vault maps discovered:
D:1:      matt_arrival_los_fun, layout_loops_ring, minmay_pentomino_o2
D:2:      layout_basic, minmay_quadrilaterals
D:3:      layout_loops_ring, mainiacjoe_overflow_catch_the_wave,
          basic_ecumenical_altar, kennysheep_potato, uniq_terence
D:4:      layout_loops_ring, nicolae_overflow_hallway_of_the_gods
D:5:      layout_basic
D:6:      layout_basic, kennysheep_minor_cross

Skill      XL: |  1  2  3  4  5  6  7 |
---------------+----------------------+-----
Axes           | 3 4 5 6 7 |  7.5
Fighting       | 4 5 |  5.8
Dodging        | 1 2 |  2.8
Armour         | 4 5 |  5.2
Invocations    | 1 |  1.9
Throwing       | 1 |  1.2
Shields        | |  3.2

Action                     |  1- 3 |  4- 6 |  7- 9 || total
---------------------------+-------+-------+-------++-------
  Melee: War axe           |    97 |   124 |    13 ||   234
         Falchion          |       |    20 |    39 ||    59
 Invoke: Convert to Beogh  |       |     1 |       ||     1
 Armour: Scale mail        |    37 |    43 |    40 ||   120
         Ring mail         |       |       |     8 ||     8
  Dodge: Dodged            |    42 |    64 |    60 ||   166
  Block: Buckler           |    17 |    45 |    24 ||    86

Table legend: (Time is in decaauts)
 A = Elapsed time spent in this place.
 B = Non-inter-level travel time spent in this place.
 C = Inter-level travel time spent in this place.
 D = Time resting spent in this place.
 E = Time spent auto-exploring this place.
 F = Levels seen in this place.
 G = Mean time per level.
                   A        B        C        D        E       F      G
               +--------+--------+--------+--------+--------+-----+--------+
         Total |   4538 |   4394 |    144 |    697 |   2854 |   6 |  756.3 |
       Dungeon |   4538 |   4394 |    144 |    697 |   2854 |   6 |  756.3 |
               +--------+--------+--------+--------+--------+-----+--------+

Top non-repeatable levels by time:
     D:5: 1005 daAuts
     D:2: 891 daAuts
     D:4: 851 daAuts
     D:3: 740 daAuts
     D:1: 623 daAuts
     D:6: 426 daAuts
